 Dungeon Crawl Stone Soup version 0.31-a0-636-ge1c0e020e0 (webtiles) character file.

Game seed: 7584008279308080798

1792 AtlasWard the Fighter (level 8, -12/80 (83) HPs)
             Began as a Grey Draconian Monk on Aug 26, 2023.
             Was an Elder of Wu Jian.
             Mangled by a two-headed ogre
             ... wielding a +0 giant spiked club
              (14 damage)
             ... on level 6 of the Dungeon.
             The game lasted 00:10:03 (4937 turns).

AtlasWard the Fighter (Grey Draconian Monk)         Turns: 4937, Time: 00:10:06

HP:   -12/80 (83)   AC: 13    Str: 22    XL:     8   Next: 82%
MP:   8/8           EV: 12    Int: 10    God:    Wu Jian [****..]
Gold: 267           SH:  0    Dex: 14    Spells: 5/7 levels left

rFire   . . .        b - +2 dagger (venom)
rCold   . . .        c - orb {light}
rNeg    . . .        (body armour unavailable)
rPois   .            (helmet restricted)
rElec   .            o - +0 cloak
rCorr   .            w - +0 pair of gloves
SInv    .            (no boots)
Will    .....        s - amulet of the acrobat
Stlth   +            l - +6 ring of strength
HPRegen 0.33/turn    (no ring)
MPRegen 0.11/turn

%: acrobat
@: glowing, lightly drained, serpent's lash
A: AC +11, amphibious, unfitting armour, cold-blooded
a: Renounce Religion, Wall Jump, Serpent's Lash


You were on level 6 of the Dungeon.
You worshipped Wu Jian.
Wu Jian was greatly pleased with you.
You visited 1 branch of the dungeon, and saw 6 of its levels.

You collected 267 gold pieces.

Inventory:

Hand Weapons
 a - a +0 short sword
 b - a +2 dagger of venom (weapon)
 r - a +0 morningstar
 y - a +2 dagger of draining
Missiles
 f - 10 poisoned darts (quivered)
Armour
 c - an orb of light (worn)
 o - a +0 cloak (worn)
 w - a +0 pair of gloves (worn)
Jewellery
 l - a +6 ring of strength (left hand)
 s - an amulet of the acrobat (around neck)
Wands
 q - a wand of mindburst (30)
 t - a wand of roots (4)
Scrolls
 e - 3 scrolls of enchant weapon {unknown}
 h - 4 scrolls of teleportation {unknown}
 i - 7 scrolls of identify {unknown}
 k - 2 scrolls of blinking {unknown}
 m - a scroll of revelation {unknown}
 u - a scroll of vulnerability {unknown}
 v - a scroll of noise {unknown}
 x - a scroll of torment {unknown}
Potions
 d - 2 potions of curing {unknown}
 g - 2 potions of heal wounds {unknown}
 j - a potion of attraction {unknown}
 n - 2 potions of enlightenment {unknown}
 p - a potion of invisibility {unknown}
 z - a potion of might


   Skills:
 + Level 12.1 Fighting
 - Level 5.0 Short Blades
 - Level 2.6 Dodging


You had 5 spell levels left.
You knew the following spells:

 Your Spells              Type           Power      Damage    Failure   Level
a - Passwall              Tmut/Erth      0%         N/A       50%         2

Your spell library contained the following spells:

 Spells                   Type           Power      Damage    Failure   Level
 Foxfire                  Conj/Fire      0%         2x1d4     36%         1
 Freeze                   Ice            0%         1d3       36%         1
 Cigotuvi's Dreadful Rot  Necr/Pois/Air  0%         N/A       50%         2
 Ensorcelled Hibernation  Hex/Ice        0%         N/A       50%         2
 Frozen Ramparts          Ice            0%         1d1       75%         3
 Hailstorm                Conj/Ice       0%         3d3       75%         3
 Swiftness                Air            0%         N/A       75%         3
 Dispel Undead            Necr           0%         3d6       98%         4
 Fireball                 Conj/Fire      0%         3d3       100%        5
 Iskenderun's Battlesphe  Conj           0%         2d6       100%        5
 Conjure Ball Lightning   Conj/Air       0%         3x3d6     100%        6
 Death Channel            Necr           0%         N/A       100%        6
 Plasma Beam              Fire/Air       0%         2x1d10    100%        6
 Starburst                Conj/Fire      0%         6d3       100%        6
 Orb of Destruction       Conj           0%         9d5       100%        7


Dungeon Overview and Level Annotations

Branches:
Dungeon (6/15)             Temple (0/1) D:6

Altars:
Kikubaaqudgha
Nemelex Xobeh
Wu Jian
The Shining One

Shops:
D:1 =   D:2 :


Innate Abilities, Weirdness & Mutations

Your dull iron-grey scales are very hard. (AC +11)
You are amphibious.
You cannot fit into any form of body armour.
You are cold-blooded and may be slowed by cold attacks.


Message History

You hit the two-headed ogre but do no damage.
The two-headed ogre looks as sick as possible!
The two-headed ogre is moderately wounded.
The two-headed ogre hits you with a +0 giant spiked club!!
The two-headed ogre hits you with a +0 giant club!
Aiming: Wall Jump
Press: ? - help, Dir - move target You repeatedly attack the two-headed ogre from above.
You hit the two-headed ogre.
The two-headed ogre looks as sick as possible!
The two-headed ogre is heavily wounded.
You hit the two-headed ogre.
The two-headed ogre looks as sick as possible!
The two-headed ogre is heavily wounded.
You repeatedly attack the ogre from above.
You hit the ogre.
The ogre looks as sick as possible!
You tail-slap the ogre.
The ogre is severely wounded.
You hit the ogre.
The ogre looks as sick as possible!
You tail-slap the ogre.
The ogre is severely wounded.
You barely miss the ogre.
The ogre is severely wounded.
You kill the ogre!
The Council accepts your kill. The two-headed ogre closely misses you.
The two-headed ogre hits you with a +0 giant club!
* * * LOW HITPOINT WARNING * * *
Your Fighting skill increases to level 12!
There is an open door, spattered with blood here.
Unknown command.
Unknown command.
Unknown command.
Unknown command.
Your muscles tense, ready for explosive movement...
You hit the two-headed ogre but do no damage.
The two-headed ogre looks as sick as possible!
The two-headed ogre is heavily wounded.
The two-headed ogre hits you with a +0 giant spiked club!!
* * * LOW HITPOINT WARNING * * *
The two-headed ogre hits you with a +0 giant club!
You die...

#..# ##...## ##.# #.....#
######### #.. #.....#
#........
###.#.....#..######.#######
.##.).###(.......#
########'##########..#
##...##.....##...###..#
#.....#....O#.....##..#
#["..['..8.)@.....##..#
#.....#....°#.....#...#
##...##.....##...##.###
######.....#######.#
#.............#
###############


You could see a two-headed ogre (extremely poisoned).

Vanquished Creatures
  A hornet (D:4)
  Sigmund (D:5)
  2 steam dragons
  A water moccasin (D:6)
  2 ice beasts (D:6)
  An orc warrior (D:5)
  2 ogres (D:6)
  A phantom (D:5)
  A scorpion (D:5)
  3 hounds
  Crazy Yiuf (D:3)
  An orc priest (D:5)
  Ijyb (D:5)
  A sleepcap (D:6)
  5 orc wizards
  6 adders
  An ufetubus (D:4)
  A dart slug (D:1)
  23 orcs
  6 endoplasms
  4 giant cockroaches
  7 goblins
  7 hobgoblins
  2 jackals
  2 quokkas (D:1)
  9 ball pythons
  3 bats
  4 frilled lizards
  8 kobolds
  5 rats
112 creatures vanquished.

Notes
Turn   | Place    | Note
-------+----------+-------------------------------------------
     0 | D:1      | AtlasWard the Draconian Monk began the quest for the Orb.
     0 | D:1      | Reached XP level 1. HP: 19/19 MP: 1/1
    89 | D:1      | Reached XP level 2. HP: 25/26 MP: 2/2
   253 | D:1      | Found Sejeihe's One-of-a-Kind Rings.
   337 | D:1      | Reached XP level 3. HP: 33/33 MP: 3/3
   595 | D:1      | Found a faded altar of an unknown god.
   650 | D:1      | Prayed at the altar of an unknown god.
   650 | D:1      | Became a worshipper of the Wu Jian Council
   650 | D:1      | Reached * piety under Wu Jian
   650 | D:1      | Reached ** piety under Wu Jian
   901 | D:2      | Reached *** piety under Wu Jian
   905 | D:2      | Reached skill level 4 in Fighting
  1081 | D:2      | Found Nunenip's Book Shop.
  1269 | D:3      | Reached XP level 4. HP: 7/40 MP: 4/4
  1358 | D:3      | Found a sparkling altar of Nemelex Xobeh.
  1961 | D:3      | Reached skill level 5 in Short Blades
  1961 | D:3      | Reached XP level 5. HP: 46/47 MP: 5/5
  2116 | D:3      | Found a runed translucent door.
  2117 | D:3      | Noticed Crazy Yiuf
  2128 | D:3      | Killed Crazy Yiuf
  2336 | D:4      | Reached skill level 5 in Fighting
  2476 | D:4      | Reached **** piety under Wu Jian
  2555 | D:4      | Found a glowing golden altar of the Shining One.
  2572 | D:4      | Noticed a hornet
  2582 | D:4      | Killed a hornet
  2583 | D:4      | Reached skill level 7 in Fighting
  2583 | D:4      | Reached XP level 6. HP: 21/60 MP: 6/6
  2952 | D:4      | Found an ancient bone altar of Kikubaaqudgha.
  3121 | D:5      | Entered Level 5 of the Dungeon
  3126 | D:5      | Your scales start taking on a dull iron-grey colour.
  3126 | D:5      | Reached XP level 7. HP: 66/66 MP: 7/7
  3191 | D:5      | Noticed a steam dragon
  3206 | D:5      | Killed a steam dragon
  3207 | D:5      | Reached skill level 8 in Fighting
  3335 | D:5      | Noticed Sigmund
  3347 | D:5      | Killed Sigmund
  3348 | D:5      | Reached skill level 9 in Fighting
  3353 | D:5      | Noticed Ijyb
  3376 | D:5      | Killed Ijyb
  3508 | D:5      | Reached skill level 10 in Fighting
  3508 | D:5      | Reached XP level 8. HP: 38/79 MP: 8/8
  4382 | D:6      | Found a staircase to the Ecumenical Temple.
  4543 | D:6      | Reached skill level 11 in Fighting
  4871 | D:6      | Learned a level 2 spell: Passwall
  4924 | D:6      | Noticed a two-headed ogre
  4937 | D:6      | Reached skill level 12 in Fighting
  4937 | D:6      | HP: 2/80 [two-headed ogre/+0 giant spiked club (19)]
  4937 | D:6      | Mangled by a two-headed ogre

Illustrated notes

Levels and vault maps discovered:
D:1:      minmay_arrival_solitary_statue, layout_rooms,
          shapermc_ecumenical_altar_petra, nicolae_shop_unique_rings
D:2:      layout_rooms, serial_shops, shop
D:3:      wad_crossroads, layout_basic, nemelex_diamond_rough_becter,
          uniq_crazy_yiuf_cottage
D:4:      layout_cave_pools, nicolae_kikubaaqudgha_miasma_corner,
          tso_oasis_becter
D:5:      layout_gridville, uniq_ijyb, uniq_sigmund
D:6:      layout_loops_ring, minmay_temple_entry_grid, minmay_three_doors

Skill      XL: |  1  2  3  4  5  6  7  8 |
---------------+-------------------------+-----
Short Blades   | 4 5 |  5.0
Fighting       | 4 7 10 12 | 12.1
Dodging        | |  2.6

Action                     |  1- 3 |  4- 6 |  7- 9 || total
---------------------------+-------+-------+-------++-------
  Melee: Short sword       |   121 |    26 |       ||   147
         Tailslap          |    18 |    22 |    51 ||    91
         Dagger            |       |   113 |   184 ||   297
  Throw: Dart              |       |     3 |       ||     3
 Invoke: Serpent's Lash    |       |     1 |     2 ||     3
Ability: Lunge             |     4 |    16 |     6 ||    26
         Whirlwind         |       |     2 |     2 ||     4
         Wall Jump         |       |       |     2 ||     2
    Use: Potion            |       |     2 |       ||     2
 Armour: Skin              |    19 |    41 |    48 ||   108
  Dodge: Dodged            |    74 |    69 |    67 ||   210

Table legend: (Time is in decaauts)
 A = Elapsed time spent in this place.
 B = Non-inter-level travel time spent in this place.
 C = Inter-level travel time spent in this place.
 D = Time resting spent in this place.
 E = Time spent auto-exploring this place.
 F = Levels seen in this place.
 G = Mean time per level.
                   A        B        C        D        E       F      G
               +--------+--------+--------+--------+--------+-----+--------+
         Total |   4845 |   4576 |    269 |      2 |   3842 |   6 |  807.5 |
       Dungeon |   4845 |   4576 |    269 |      2 |   3842 |   6 |  807.5 |
               +--------+--------+--------+--------+--------+-----+--------+

Top non-repeatable levels by time:
     D:3: 1167 daAuts
     D:5: 896 daAuts
     D:4: 807 daAuts
     D:6: 775 daAuts
     D:1: 705 daAuts
     D:2: 492 daAuts
